 Dungeon Crawl Stone Soup version 0.21.0-3-g78d12a8 (webtiles) character file.

14282 magipi the Carver (level 11, -3/133 HPs)
             Began as a Vampire Berserker on Jan 16, 2018.
             Was a High Priest of Trog.
             Slain by a storm dragon (6 damage)
             ... on level 11 of the Dungeon.
             The game lasted 00:45:38 (13467 turns).

magipi the Carver (Vampire Berserker)              Turns: 13467, Time: 00:45:38

Health: -3/133     AC: 15    Str: 24    XL:     11   Next: 86%
Magic:  0/15       EV: 13    Int:  9    God:    Trog [*****.]
Gold:   633        SH:  0    Dex: 15    Spells: 10/10 levels left

rFire    + . .     SeeInvis +   a - +2 long sword (slice)
rCold    + + .     Gourm    .   (no shield)
rNeg     + + .     Faith    .   g - +1 chain mail {rC+}
rPois    +         Spirit   +   D - +2 hat of the Bear Spirit {Spirit, +Rage rN+ MR++}
rElec    +         Reflect  .   (no cloak)
rCorr    +         Harm     .   (no gloves)
MR       +++..                  e - +1 pair of boots
Stlth    ..........             (no amulet)
HPRegen  0.32/turn              (no ring)
MPRegen  0.14/turn              (no ring)

@: berserking (expiring), resistant, very quick
A: fangs 3, see invisible, unbreathing
a: Bat Form, Berserk, Trog's Hand, Brothers in Arms, Burn Spellbooks, Renounce
Religion, Evoke Berserk Rage


You were on level 11 of the Dungeon.
You worshipped Trog.
Trog was extremely pleased with you.
You were not thirsty.

You visited 1 branch of the dungeon, and saw 11 of its levels.
You also visited: Labyrinth.

You collected 633 gold pieces.

Inventory:

Hand Weapons
 a - a +2 long sword of slicing (weapon)
   (You took it off an orc warrior on level 6 of the Dungeon)
 b - a +1 rapier of venom
   (You took it off Eustachio on level 4 of the Dungeon)
 h - a +1 falchion
 p - a +3 scimitar
   (You took it off a wight on level 11 of the Dungeon)
 y - a +5 long sword
   (You took it off a wight on level 8 of the Dungeon)
Missiles
 F - 5 javelins (quivered)
Armour
 e - a +1 pair of boots (worn)
   (You found it on level 8 of the Dungeon)
 g - a +1 chain mail of cold resistance (worn)
   (You took it off an orc on level 9 of the Dungeon)
 D - the +2 hat of the Bear Spirit (worn) {Spirit, +Rage rN+ MR++}
   (You found it in a labyrinth)

   It protects you from negative energy.
   It affects your resistance to hostile enchantments.
   It lets you go berserk.
Jewellery
 f - an uncursed ring of fire
   (You found it on level 1 of the Dungeon)
 u - an uncursed ring of positive energy {unknown}
   (You took it off a minotaur in a labyrinth)
 E - an uncursed ring of ice {unknown}
   (You found it in a labyrinth)
Wands
 d - a wand of digging (19)
   (You found it on level 5 of the Dungeon)
 o - a wand of clouds (3)
   (You found it on level 10 of the Dungeon)
 r - a wand of enslavement (6)
   (You took it off Ijyb on level 4 of the Dungeon)
 v - a wand of polymorph (30)
   (You found it on level 7 of the Dungeon)
 z - a wand of flame (45)
   (You found it on level 8 of the Dungeon)
 A - a wand of disintegration (19)
   (You found it on level 8 of the Dungeon)
 G - a wand of acid (6)
   (You found it on level 10 of the Dungeon)
Scrolls
 j - 4 scrolls of teleportation
 n - 4 scrolls of magic mapping
 q - a scroll of enchant weapon
 B - a scroll of blinking
 I - a scroll of enchant armour
 J - a scroll of identify
Potions
 c - 12 potions of blood
 i - 6 potions of curing
 k - a potion of ambrosia
 l - 2 potions of agility
 m - 2 potions of heal wounds
 t - 2 potions of lignification
 x - a potion of mutation
 H - a potion of might


   Skills:
 - Level 9.0 Fighting
 - Level 12.1 Long Blades
 + Level 6.3 Armour
 + Level 8.4 Dodging
 + Level 5.7 Evocations


You had 10 spell levels left.
You didn't know any spells.

Dungeon Overview and Level Annotations

Branches:
Dungeon (11/15)            Temple (0/1) D:5            Lair (0/6) D:8
    Orc (0/2) D:9

Altars:
Dithmenos
Elyvilon
Kikubaaqudgha
Makhleb
Nemelex Xobeh
Qazlal
Ru
Trog
Vehumet
Xom
The Shining One

Shops:
D:8 *

Annotations:
D:4 dig
D:8 1 exclusion


Innate Abilities, Weirdness & Mutations

You have razor-sharp teeth.
You have supernaturally acute eyesight. (SInv)
You can survive without breathing.


Message History

Trog accepts your kill.
Items here: ( ††† 3 large rocks; a killer bee corpse x2; a hydra corpse You start resting.
You are feeling thirsty.
You start resting.
Magic restored.
Items here: ( ††† 3 large rocks; a killer bee corpse x2; a hydra corpse Drink blood from a hydra corpse? (ye/n/q) This blood tastes delicious!
Items here: ( ÷ †† 3 large rocks; a killer bee corpse x2; a hydra skeleton You start resting.
HP restored.
You open the door.
There is an open door here.
A storm dragon comes into view.
The storm dragon roars deafeningly!
The storm dragon breathes lightning at you.
The bolt of lightning hits you! x2
Unknown command.
You feel protected. The storm dragon bites you!
The storm dragon claws you but does no damage.
The storm dragon tramples you but does no damage.
A red film seems to cover your vision as you go berserk!
You feel yourself moving faster!
You feel mighty!
You feel a lot more thirsty.
The storm dragon breathes lightning at you.
The bolt of lightning hits you! You resist. The bolt of lightning hits you!
You resist.
The bolt of lightning hits the storm dragon.
The storm dragon completely resists.
You slash the storm dragon! Your bite misses the storm dragon.
The storm dragon is lightly wounded.
The storm dragon bites you but does no damage.
The storm dragon barely misses you. x2
You hit the storm dragon but do no damage.
The storm dragon is lightly wounded.
You barely miss the storm dragon.
The storm dragon is lightly wounded.
The storm dragon bites you but does no damage.
The storm dragon claws you but does no damage.
The storm dragon barely misses you.
You slash the storm dragon!
The storm dragon is moderately wounded.
The storm dragon bites you! The storm dragon claws you.
The storm dragon closely misses you.
You slash the storm dragon!
The storm dragon is moderately wounded.
You slash the storm dragon!
The storm dragon is heavily wounded.
The storm dragon bites you but does no damage.
The storm dragon claws you but does no damage.
The storm dragon tramples you but does no damage.
You closely miss the storm dragon. Your bite misses the storm dragon.
The storm dragon is heavily wounded.
You hit the storm dragon.
The storm dragon is heavily wounded.
The storm dragon breathes lightning at you.
The bolt of lightning hits you! You resist. The bolt of lightning hits you!
You resist.
* * * LOW HITPOINT WARNING * * *
The bolt of lightning hits the storm dragon.
The storm dragon completely resists.
You slice the storm dragon!! Your bite misses the storm dragon.
The storm dragon is severely wounded.
You closely miss the storm dragon. Your bite misses the storm dragon.
The storm dragon is severely wounded.
The storm dragon bites you but does no damage.
The storm dragon claws you.
* * * LOW HITPOINT WARNING * * *
The storm dragon tramples you.
* * * LOW HITPOINT WARNING * * *
You stumble backwards!
You hit the storm dragon but do no damage.
The storm dragon is severely wounded.
The storm dragon bites you!
* * * LOW HITPOINT WARNING * * *
The storm dragon claws you!
* * * LOW HITPOINT WARNING * * *
The storm dragon tramples you but does no damage.
You slash the storm dragon!
The storm dragon is severely wounded.
Unknown command.
You hit the storm dragon.
The storm dragon is severely wounded.
The storm dragon breathes lightning at you.
The bolt of lightning hits you! You resist.
* * * LOW HITPOINT WARNING * * *
The bolt of lightning misses you.
The bolt of lightning hits the storm dragon.
The storm dragon completely resists.
You completely miss the storm dragon.
The storm dragon is severely wounded.
Unknown command.
You hit the storm dragon.
The storm dragon is almost dead.
The storm dragon bites you.
You die...

#......#####.# #.....#.###.####
#......##....######.#>.....#.#
#...∩..##.#.([[(...(....<#.#.#
#...(..##.#.########.....#.#.####
#..(..........##..,###.#.........
#...........#.#.#**.##.#.#.#.####
#####.#.....#.'.#,+.####.#.#....†
#.#.[...###.###.#....#.######
#####.#####.####@D.#######(#
......# #....#####....(..#
####### #####.....########
#.....# #.....# #######


You could see a storm dragon.

Vanquished Creatures
  A minotaur (Lab)
  2 two-headed ogres
  Urug (D:11)
  An unseen horror (D:10)
  An ugly thing (D:11)
  3 cyclopes
  2 trolls (D:11)
  2 hornets (D:10)
  2 hippogriffs
  Sigmund (D:4)
  2 wyverns (D:8)
  12 yaks
  A human (D:7)
  3 hogs (D:7)
  Eustachio (D:4)
  A soldier ant (D:10)
  A porcupine (D:8)
  A water moccasin (D:9)
  4 orc warriors
  2 black bears
  5 ice beasts
  Duvessa (D:4)
  A necrophage (D:9)
  6 ogres
  A phantom (D:10)
  4 sky beasts
  An eye of draining (D:9)
  A centaur (D:6)
  3 big kobolds
  A crocodile (D:10)
  5 bullfrogs
  Dowan (D:4)
  A wyvern skeleton (D:6)
  7 killer bees (D:11)
  3 scorpions
  11 wights
  A howler monkey (D:9)
  5 crimson imps
  A bullfrog zombie (D:11)
  3 orc priests
  A centaur skeleton (D:10)
  A quasit (D:8)
  2 bullfrog skeletons
  5 hounds
  A jelly (D:7)
  An iguana (D:5)
  Ijyb (D:4)
  5 orc wizards
  7 worker ants
  A hound skeleton (D:6)
  2 worker ant zombies
  4 gnolls (D:11)
  8 adders
  3 oozes
  An adder skeleton (D:8)
  A worm (D:6)
  4 dart slugs
  4 leopard geckos
  27 orcs
  8 bats
  5 giant cockroaches
  3 goblins
  3 hobgoblins
  9 jackals
  A quokka (D:7)
  3 ball pythons
  4 frilled lizards
  14 kobolds
  A leopard gecko skeleton (D:8)
  4 rats
240 creatures vanquished.

Vanquished Creatures (collateral kills)
  A hydra (D:11)
  A killer bee (D:11)
2 creatures vanquished.

Vanquished Creatures (others)
  A fungus (D:8)
1 creature vanquished.

Grand Total: 243 creatures vanquished

Notes
Turn   | Place    | Note
-------+----------+-------------------------------------------
     0 | D:1      | magipi the Vampire Berserker began the quest for the Orb.
     0 | D:1      | Reached XP level 1. HP: 17/17 MP: 1/1
   177 | D:1      | Reached XP level 2. HP: 23/23 MP: 2/2
   849 | D:2      | Reached XP level 3. HP: 29/29 MP: 3/3
   867 | D:2      | Reached skill level 4 in Long Blades
   900 | D:2      | Reached ** piety under Trog
  1110 | D:2      | Found a bloodstained altar of Trog.
  1991 | D:3      | Reached XP level 4. HP: 35/35 MP: 4/4
  2686 | D:4      | Noticed Eustachio
  2942 | D:3      | Reached skill level 5 in Long Blades
  2942 | D:3      | Reached XP level 5. HP: 30/42 MP: 5/5
  3142 | D:4      | Noticed an ogre
  3165 | D:4      | Killed an ogre
  3165 | D:4      | Reached XP level 6. HP: 48/48 MP: 6/6
  3232 | D:4      | Noticed Ijyb
  3253 | D:4      | Reached skill level 6 in Long Blades
  3319 | D:4      | Noticed Sigmund
  3354 | D:4      | Killed Ijyb
  3360 | D:4      | Killed Sigmund
  3360 | D:4      | Reached XP level 7. HP: 55/55 MP: 7/7
  3364 | D:4      | Reached skill level 7 in Long Blades
  3466 | D:4      | Killed Eustachio
  3466 | D:4      | Reached skill level 5 in Fighting
  3850 | D:4      | Reached skill level 8 in Long Blades
  4177 | D:4      | Noticed Duvessa
  4177 | D:4      | Noticed Dowan
  4192 | D:4      | Killed Duvessa
  4192 | D:4      | Reached XP level 8. HP: 62/63 MP: 8/8
  4198 | D:4      | Killed Dowan
  4621 | D:5      | Entered Level 5 of the Dungeon
  4752 | D:5      | Found a staircase to the Ecumenical Temple.
  4898 | D:5      | Reached skill level 9 in Long Blades
  5227 | D:5      | Reached *** piety under Trog
  5743 | D:6      | Found a shimmering altar of Xom.
  6153 | D:6      | Found a sparkling altar of Nemelex Xobeh.
  6366 | D:6      | Reached skill level 10 in Long Blades
  6532 | D:6      | Reached XP level 9. HP: 50/71 MP: 9/9
  7069 | D:7      | Found a glowing golden altar of the Shining One.
  7232 | D:7      | Reached skill level 11 in Long Blades
  7607 | D:7      | Reached **** piety under Trog
  7964 | D:8      | Found a white marble altar of Elyvilon.
  8273 | D:8      | Reached XP level 10. HP: 58/80 MP: 10/10
  8409 | D:8      | Reached skill level 12 in Long Blades
  8540 | D:8      | Found Meytaacvu's General Store.
  8613 | D:8      | Found an ancient bone altar of Kikubaaqudgha.
  9020 | D:8      | Found a staircase to the Lair.
  9435 | D:9      | Found a stormy altar of Qazlal.
  9436 | D:9      | Found a burning altar of Makhleb.
  9438 | D:9      | Found a shadowy altar of Dithmenos.
  9438 | D:9      | Found a sacrificial altar of Ru.
  9439 | D:9      | Found a radiant altar of Vehumet.
  9526 | D:9      | Found a staircase to the Orcish Mines.
  9667 | D:9      | Noticed a two-headed ogre
  9676 | D:9      | Killed a two-headed ogre
 10006 | D:10     | Entered Level 10 of the Dungeon
 10162 | D:10     | Reached skill level 1 in Evocations
 10230 | D:10     | Reached skill level 5 in Dodging
 10261 | D:10     | Noticed an unseen horror
 10273 | D:10     | Killed an unseen horror
 10839 | D:10     | Reached XP level 11. HP: 89/89 MP: 11/13
 11148 | D:10     | Noticed a two-headed ogre
 11154 | D:10     | Killed a two-headed ogre
 11379 | D:11     | Noticed an eight-headed hydra
 11424 | D:11     | Noticed a cyan ugly thing
 11435 | D:10     | Reached skill level 5 in Armour
 11806 | D:11     | Found a labyrinth entrance.
 11813 | Lab      | Entered a labyrinth
 12045 | Lab      | Noticed a minotaur
 12057 | Lab      | Killed a minotaur
 12061 | Lab      | Got a faintly humming scale mail
 12101 | Lab      | Found the +2 hat of the Bear Spirit {Spirit, +Rage rN+ MR++}
 12116 | Lab      | Identified the cursed +0 scale mail of the Everdark {*Contam rN+ rCorr} (You took it off a minotaur in a labyrinth)
 12652 | D:11     | Reached ***** piety under Trog
 12785 | D:11     | Noticed Urug
 12793 | D:11     | Killed Urug
 12793 | D:11     | Reached skill level 5 in Evocations
 13000 | D:11     | Killed a cyan ugly thing
 13204 | D:11     | Killed an eight-headed hydra
 13449 | D:11     | Noticed a storm dragon
 13465 | D:11     | HP: 2/133 [storm dragon/bolt of lightning (8)]
 13467 | D:11     | Slain by a storm dragon

Skill      XL: |  1  2  3  4  5  6  7  8  9 10 11 |
---------------+----------------------------------+-----
Fighting       | 3 4 5 6 8 9 |  9.0
Long Blades    | 4 5 6 8 10 11 12 | 12.1
Armour         | 4 6 |  6.3
Dodging        | 5 8 |  8.4
Evocations     | 2 5 |  5.7

Action                   |  1- 3 |  4- 6 |  7- 9 | 10-12 || total
-------------------------+-------+-------+-------+-------++-------
Melee: Falchion          |   112 |   145 |    16 |       ||   273
       Bite              |    10 |    15 |    54 |    69 ||   148
       Rapier            |       |       |   154 |       ||   154
       Long sword        |       |       |   186 |   430 ||   616
Invok: Berserk           |     1 |     3 |     8 |    12 ||    24
       Trog's Hand       |       |     1 |       |       ||     1
       Burn Spellbooks   |       |       |       |     1 ||     1
       Brothers in Arms  |       |       |       |     1 ||     1
Evoke: Wand              |       |       |       |     3 ||     3
  Use: Scroll            |     7 |       |     6 |    11 ||    24
       Potion            |     3 |       |    13 |     9 ||    25
  Eat: Corpse            |     1 |     6 |     8 |    11 ||    26
Armor: Chain mail        |    83 |    76 |   157 |   178 ||   494
Dodge: Dodged            |    51 |    59 |   111 |   174 ||   395
       Rpst.: Falchion   |    13 |    12 |     1 |       ||    26
       Long sword        |       |       |    23 |    51 ||    74

Action                   |  1- 3 |  4- 6 |  7- 9 | 10-12 || total
-------------------------+-------+-------+-------+-------++-------
Melee: Falchion          |   112 |   145 |    16 |       ||   273
       Bite              |    10 |    15 |    54 |    69 ||   148
       Rapier            |       |       |   154 |       ||   154
       Long sword        |       |       |   186 |   430 ||   616
Invok: Berserk           |     1 |     3 |     8 |    12 ||    24
       Trog's Hand       |       |     1 |       |       ||     1
       Burn Spellbooks   |       |       |       |     1 ||     1
       Brothers in Arms  |       |       |       |     1 ||     1
Evoke: Wand              |       |       |       |     3 ||     3
  Use: Scroll            |     7 |       |     6 |    11 ||    24
       Potion            |     3 |       |    13 |     9 ||    25
  Eat: Corpse            |     1 |     6 |     8 |    11 ||    26
Armor: Chain mail        |    83 |    76 |   157 |   178 ||   494
Dodge: Dodged            |    51 |    59 |   111 |   174 ||   395
       Rpst.: Falchion   |    13 |    12 |     1 |       ||    26
       Long sword        |       |       |    23 |    51 ||    74
